 Dungeon Crawl Stone Soup version 0.31.0-11-ge490571c62 (webtiles) character file.

Game seed: 16014077681045234527

57 mopl the Trooper (level 3, -2/29 HPs)
             Began as a Demonspawn Fighter on Jan 29, 2024.
             Killed by nerve-wracking pain
             ... invoked by Grinder
              (8 damage)
             ... while paralysed by Grinder
             ... on level 3 of the Dungeon.
             The game lasted 00:02:04 (1660 turns).

mopl the Trooper (Demonspawn Fighter)               Turns: 1660, Time: 00:02:05

Health: -2/29      AC: 14    Str: 18    XL:     3   Next: 73%
Magic:  3/3        EV:  2    Int:  8    God:
Gold:   67         SH:  0    Dex: 12    Spells: 2/2 levels left

rFire   + . .        a - +0 war axe
rCold   . . .        c - +0 buckler
rNeg    . . .        p - +0 plate armour
rPois   .            n - +2 hat
rElec   .            i - +0 cloak
rCorr   .            (no gloves)
SInv    .            (no boots)
Will    .....        (no amulet) Stlth
                     e - ring of protection from fire
HPRegen 0.24/turn    (no ring)
MPRegen 0.16/turn

%: no passive effects
@: paralysed
A: repulsion field 1, magic regeneration
a: no special abilities


You were on level 3 of the Dungeon.
You visited 1 branch of the dungeon, and saw 3 of its levels.

You collected 67 gold pieces.

Inventory:

Hand Weapons
 a - a +0 war axe (weapon)
 b - a +3 sling
Missiles
 l - 13 poisoned darts (quivered)
Armour
 c - a +0 buckler (worn)
 i - a +0 cloak (worn)
 n - a +2 hat (worn)
 p - a +0 plate armour (worn)
Jewellery
 e - a ring of protection from fire (left hand)
 h - a ring of wizardry
 q - a ring of fire
Scrolls
 f - a scroll of enchant weapon {unknown}
 g - a scroll of poison {unknown}
 k - a scroll of summoning {unknown}
 m - 2 scrolls of teleportation {unknown}
 o - a scroll of fog {unknown}
 r - a scroll of noise {unknown}
 s - a scroll of identify {unknown}
Potions
 d - a potion of might
 j - a potion of resistance {unknown}


   Skills:
 + Level 3.3 Fighting
 * Level 2.7 Axes
 + Level 0.3 Throwing
 + Level 3.0 Armour
 + Level 1.1 Dodging
 - Level 2.6 Shields


You had 2 spell levels left.
You didn't know any spells.
Your spell library contained the following spells:

 Spells                   Type           Power      Damage    Failure   Level
 Scorch                   Fire           0%         2d5       100%        2
 Flame Wave               Conj/Fire      0%         2d4       100%        4
 Summon Cactus Giant      Summ           0%         N/A       100%        6


Dungeon Overview and Level Annotations

Branches:
Dungeon (3/15)

Altars:

Annotations:
D:3 Grinder


Innate Abilities, Weirdness & Mutations

You are surrounded by a mild repulsion field. (EV +2)
You regenerate magic rapidly.


Message History

Pain shoots through your body!
You are too injured to fight recklessly!
You are too injured to fight recklessly!
You are too injured to fight recklessly!
You hit Grinder.
Grinder is heavily wounded.
Grinder blinks!
You closely miss Grinder.
Grinder is heavily wounded.
Grinder blinks!
Grinder rolls her eyes.
Grinder blinks!
You start resting.
Grinder is nearby!
Grinder is nearby!
Grinder hits you.
You writhe in agony.
Grinder hits you but does no damage.
You hit Grinder.
Grinder is severely wounded.
Grinder hits you.
* * * LOW HITPOINT WARNING * * *
You writhe in agony.
* * * LOW HITPOINT WARNING * * *
Grinder hits you but does no damage.
You hit Grinder.
Grinder is severely wounded.
Grinder says, "Just stop there for a second..."
Grinder closely misses you.
You hit Grinder.
Grinder is severely wounded.
Grinder hits you but does no damage.
You barely miss Grinder.
Grinder is severely wounded.
Grinder hits you but does no damage. Grinder gestures at you.
You suddenly lose the ability to move!
Grinder gestures at you. Pain shoots through your body!
You die...
Grinder says, "Now the real fun starts!"

#. # #.### ..
...# #.###+#.###
#.....5...#
#....<.##.#
#......##.# #
#......##5###.#
.........##@....#
..#......########
. #......#
#......# ..##..##


You could see Grinder.

Vanquished Creatures
  An adder (D:2)
  A dart slug (D:2)
  6 ball pythons
  3 endoplasms
  3 giant cockroaches
  6 goblins
  5 hobgoblins
  4 bats
  6 frilled lizards
  7 kobolds
  A rat (D:1)
43 creatures vanquished.

Notes
Turn   | Place    | Note
-------+----------+-------------------------------------------
     0 | D:1      | mopl the Demonspawn Fighter began the quest for the Orb.
     0 | D:1      | Reached XP level 1. HP: 18/18 MP: 1/1
   161 | D:1      | Gained mutation: You regenerate magic rapidly. [demonic
                  | ancestry]
   161 | D:1      | Reached XP level 2. HP: 22/24 MP: 2/2
   376 | D:1      | You fall into a shaft and drop 1 floor!
   651 | D:1      | Gained mutation: You are surrounded by a mild repulsion
                  | field. (EV +2) [demonic ancestry]
   651 | D:1      | Reached XP level 3. HP: 29/29 MP: 3/3
   733 | D:1      | Reached skill level 1 in Dodging
  1625 | D:3      | Noticed Grinder
  1659 | D:3      | Paralysed by Grinder for 2 turns
  1660 | D:3      | Killed from afar by Grinder

Illustrated notes

Levels and vault maps discovered:
D:1:      psy_arrival_statuary, layout_loops_cross, corexii_corridor_pit
D:2:      layout_basic, serial_glass, glass_columns_b, glass_columns_c,
          glass_columns_a, patterned_corridor
D:3:      layout_basic, uniq_robin, uniq_grinder, uniq_crazy_yiuf_cottage

Skill      XL: |  1  2  3 |
---------------+----------+-----
Axes           | 2 |  2.7
Armour         | 3 |  3.0
Dodging        | 1 |  1.1
Fighting       | |  3.3
Throwing       | |  0.3
Shields        | |  2.6

Action                     || total
---------------------------++-------
  Melee: War axe           ||   129
 Armour: Chain mail        ||    64
         Scale mail        ||    12
         Plate armour      ||    19
  Dodge: Dodged            ||    48
  Block: Buckler           ||    23
